 Dungeon Crawl Stone Soup version 0.31-a0-1111-ga3525b893c (webtiles) character file.

Game seed: 5997157407454846326

417 theswoord the Twirler (level 6, 0/44 HPs)
             Began as a Demonspawn Gladiator on Dec 3, 2023.
             Succumbed to a killer bee's poison
             ... on level 3 of the Dungeon.
             The game lasted 00:05:08 (3063 turns).

theswoord the Twirler (Demonspawn Gladiator)        Turns: 3063, Time: 00:05:08

Health: 0/44       AC:  9    Str: 16    XL:     6   Next: 61%
Magic:  1/6        EV: 10    Int:  8    God:
Gold:   185        SH:  0    Dex: 15    Spells: 5/5 levels left

rFire   . . .        a - +1 quarterstaff
rCold   . . .        (shield currently unavailable)
rNeg    . . .        f - +0 scale mail
rPois   +            c - +1 helmet
rElec   .            (no cloak)
rCorr   .            n - +0 pair of gloves
SInv    .            (no boots)
Will    .....        i - amulet of guardian spirit Stlth
                     k - ring of poison resistance
HPRegen 0.27/turn    (no ring)
MPRegen 0.10/turn

%: guardian spirit
@: lethally poisoned (0 -> -4)
A: claws 1, foul stench 2
a: no special abilities


You were on level 3 of the Dungeon.
You visited 1 branch of the dungeon, and saw 4 of its levels.

You collected 185 gold pieces.

Inventory:

Hand Weapons
 a - a +1 quarterstaff (weapon)
Missiles
 d - 3 throwing nets (quivered)
 e - a javelin
Armour
 b - a +0 leather armour
 c - a +1 helmet (worn)
 f - a +0 scale mail (worn)
 n - a +0 pair of gloves (worn)
Jewellery
 g - an amulet of magic regeneration
 h - an amulet of faith
 i - an amulet of guardian spirit (around neck)
 k - a ring of poison resistance (left hand)
Scrolls
 j - 2 scrolls of blinking
Potions
 o - a potion of degeneration


   Skills:
 - Level 2.0 Fighting
 + Level 6.9 Staves
 - Level 1.7 Throwing
 - Level 2.6 Dodging


You had 5 spell levels left.
You didn't know any spells.
Your spell library contained the following spells:

 Spells                   Type           Power      Damage    Failure   Level
 Malign Gateway           Summ/Tloc      0%         N/A       100%        7
 Summon Horrible Things   Summ           0%         N/A       100%        8


Dungeon Overview and Level Annotations

Branches:
Dungeon (4/15)
 Temple: D:4-7

Altars:
Sif Muna
Uskayaw

Annotations:
D:4 Grinder


Innate Abilities, Weirdness & Mutations

You have sharp fingernails.
You sometimes emit foul miasma when damaged in melee.


Message History

The killer bee poisons you!
You closely miss the killer bee.
You feel very sick. The killer bee stings you.
* * * LOW HITPOINT WARNING * * *
The killer bee stings you but does no damage.
The killer bee stings you.
* * * LOW HITPOINT WARNING * * *
You emit a cloud of foul miasma!
The killer bee stings you.
* * * LOW HITPOINT WARNING * * *
You feel sick.
The killer bee is engulfed in dark miasma.
The killer bee is poisoned.
The killer bee seems to slow down.
The killer bee stings you.
* * * LOW HITPOINT WARNING * * *
The killer bee stings you but does no damage.
You see here a killer bee corpse.
You feel better.
The killer bee is no longer moving slowly.
The killer bee barely misses you. The killer bee stings you.
* * * LOW HITPOINT WARNING * * *
You are poisoned.
The killer bee poisons you!
The killer bee stings you but does no damage.
* * * LOW HITPOINT WARNING * * *
You feel very sick.
The killer bee attacks as it pursues you!
The killer bee closely misses you. The killer bee stings you.
* * * LOW HITPOINT WARNING * * *
You sock the killer bee!
You kill the killer bee!
* * * LOW HITPOINT WARNING * * *
You feel sick. The killer bee barely misses you.
You thump the killer bee!
* * * LOW HITPOINT WARNING * * *
You feel sick. The killer bee completely misses you.
The killer bee stings you but does no damage.
You thump the killer bee!
You kill the killer bee!
You die...

#.#....###.........####.....###
#........+.........+..........[
##....####.........####...#[###
#.#.## ##.......## ##.#.#.#
#.### ##....)## ####.## #.#
##...## #.# #.# ##'## #.# #.#
#.# #.# #.# #@# #.# #.# ##†##
#.# #.# ##>..## ### #(# #.#
#.°...###.######.#
#.##########...###.........#
#.........###.#####.########
#########...........#
#############


There were no monsters in sight!

Vanquished Creatures
  A scorpion (D:4)
  4 killer bees
  2 orc priests (D:3)
  An orc wizard (D:3)
  A sleepcap (D:2)
  3 adders
  A worm (D:3)
  2 dart slugs (D:3)
  11 orcs
  4 ball pythons
  5 bats
  5 endoplasms
  2 giant cockroaches (D:2)
  5 goblins
  5 hobgoblins
  11 kobolds
  4 quokkas
  3 frilled lizards
  4 rats
74 creatures vanquished.

Notes
Turn   | Place    | Note
-------+----------+-------------------------------------------
     0 | D:1      | theswoord the Demonspawn Gladiator began the quest for the
                  | Orb.
     0 | D:1      | Reached XP level 1. HP: 16/16 MP: 1/1
   280 | D:1      | Reached skill level 3 in Staves
   675 | D:2      | Gained mutation: You may rarely emit foul miasma when
                  | damaged in melee. [demonic ancestry]
   675 | D:2      | Reached XP level 2. HP: 19/22 MP: 2/2
   796 | D:2      | Found a faded altar of an unknown god.
   813 | D:2      | Reached skill level 4 in Staves
   813 | D:2      | Gained mutation: You sometimes emit foul miasma when
                  | damaged in melee. [demonic ancestry]
   813 | D:2      | Reached XP level 3. HP: 6/27 MP: 3/3
  1160 | D:2      | Reached XP level 4. HP: 33/33 MP: 4/4
  1620 | D:3      | Found a shimmering blue altar of Sif Muna.
  1739 | D:3      | Reached skill level 5 in Staves
  1931 | D:3      | Gained mutation: You have sharp fingernails. [demonic
                  | ancestry]
  1931 | D:3      | Reached XP level 5. HP: 8/38 MP: 1/5
  2736 | D:4      | Reached skill level 6 in Staves
  2736 | D:4      | Reached XP level 6. HP: 41/44 MP: 6/6
  2754 | D:4      | Found a hide-covered altar of Uskayaw.
  3000 | D:4      | Noticed Grinder
  3061 | D:3      | HP: 2/44 [poisoned by a killer bee]
  3063 | D:3      | Succumbed to a killer bee's poison

Skill      XL: |  1  2  3  4  5 |
---------------+----------------+-----
Staves         | 3 4 5 6 |  6.9
Fighting       | |  2.0
Throwing       | |  1.7
Dodging        | |  2.6

Action                     |  1- 3 |  4- 6 || total
---------------------------+-------+-------++-------
  Melee: Quarterstaff      |    68 |   138 ||   206
    Use: Scroll            |       |     9 ||     9
         Potion            |       |     2 ||     2
   Stab: Distracted        |     1 |       ||     1
         Sleeping          |     1 |     3 ||     4
 Armour: Leather armour    |    46 |    61 ||   107
         Scale mail        |       |    40 ||    40
  Dodge: Dodged            |    33 |    74 ||   107

Levels and vault maps discovered:
D:1:      minmay_arrival_stone_box, layout_basic
D:2:      minmay_diamond_boxcup, layout_loops_cross,
          hellmonk_ecumenical_altar_arch_garden, fountainhead
D:3:      layout_loops_corners, nicolae_sif_muna_little_library,
          palyth_stone_intersect
D:4:      layout_gridville, nicolae_uskayaw_murder_on_the_dancefloor,
          minmay_temple_entry_offerings, gammafunk_ghost_necromancy,
          nrook_loot_triangle, uniq_grinder
